[Event "*** SCC Grand Prix: Titled Tuesday Blitz"]
[Site "Chess.com"]
[Date "2020.06.02"]
[Round "3"]
[White "yamalchess"]
[Black "Hrant_ChessMood"]
[Result "1-0"]
[WhiteElo "2467"]
[BlackElo "2918"]
[TimeControl "180+1"]
[EndTime "10:28:49 PDT"]
[Termination "yamalchess won by resignation"]

1. d4 Nf6 2. c4 g6 3. Nc3 Bg7 4. e4 d6 5. h3 O-O 6. Bg5 c5 7. d5 e6 8. Bd3 exd5 9. exd5 b5 10. cxb5 a6 11. bxa6 Nxa6 12. Nge2 Nb4 13. Bc4 Bf5 14.
O-O h6 15. Bh4 Qb6 16. Rc1 Rfe8 17. a3 Na6 18. b3 Nc7 19. a4 Ne4 20. Nxe4 Bxe4 21.
Nc3 Bf5 22. Bg3 Re7 23. Re1 Rae8 24. Rxe7 Rxe7 25. Qd2 Re8 26. Nb5 Nxb5 27. Bxb5 Re4 28. Bc4 h5 29. Re1 Rd4 30. Qg5 h4 31. Bf4 Qb4 32. Re8+ Bf8 33. Qh6 Qe1+ 34. Rxe1 Bxh6 35. Bxh6 Kh7 36. Bg5 Bc2 37. Bf6 1-0

[Event "*** SCC Grand Prix: Titled Tuesday Blitz"]
[Site "Chess.com"]
[Date "2020.06.02"]
[Round "3"]
[White "zaur-mammadov"]
[Black "51616516516"]
[Result "1-0"]
[WhiteElo "2589"]
[BlackElo "2382"]
[TimeControl "180+1"]
[EndTime "10:28:49 PDT"]
[Termination "zaur-mammadov won on time"]

1. e4 c5 2. c3 Nf6 3. e5 Nd5 4. Nf3 Nc6 5. d4 cxd4 6. cxd4 d6 7. Bc4 Nb6 8. Bb5 dxe5 9. Nxe5 Bd7 10. Nxd7 Qxd7 11. O-O e6 12. Nc3 a6 13. Bxc6 Qxc6 14. Qg4 Nd5 15. Be3 Nf6 16. Qg3 Bd6 17. Qxg7 Rg8 18.
d5 Bxh2+ 19. Kh1 exd5 20. Qh6 Be5 21. f3 O-O-O 22. Rac1 Kb8 23. Ne4 Qe6 24. Ng5 Qf5 25.
Nxf7 Ka8 26. Nxd8 Rxd8 27. Qg5 Qe6 28. Rfe1 Rg8 29. Qh6 Bg3 30. Bf2 Qf5 31. Bxg3 Rxg3 32. Qf8+ Ka7 33. Qc5+ Ka8 34. Qc8+ Ka7 35. Qxf5 1-0

[Event "*** SCC Grand Prix: Titled Tuesday Blitz"]
[Site "Chess.com"]
[Date "2020.06.02"]
[Round "3"]
[White "freshfoodcompany"]
[Black "JoachimMouhamad"]
[Result "1-0"]
[WhiteElo "2223"]
[BlackElo "2458"]
[TimeControl "180+1"]
[EndTime "10:28:49 PDT"]
[Termination "freshfoodcompany won on time"]

1. d4 Nf6 2. c4 g6 3. Nc3 d5 4. cxd5 Nxd5 5. e4 Nxc3 6. bxc3 Bg7 7. Nf3 O-O 8. Bc4 c5 9. O-O Bg4 10. Be3 Nc6 11. Bd5 cxd4 12. cxd4 Bxf3 13. gxf3 Rc8 14. Bxc6 Rxc6 15. Rc1 Rxc1 16. Qxc1 Qa5 17. Qb1 b5 18. Rc1 e6 19. Rc5 a6 20. Qc2 Qe1+ 21.
Kg2 Qa1 22. Rc8 h5 23. Rxf8+ Bxf8 24. h3 Kg7 25. Qd2 Be7 26. d5 exd5 27. Bd4+ Bf6 28. Bxa1 Bxa1 29. Qxd5 1-0

[Event "*** SCC Grand Prix: Titled Tuesday Blitz"]
[Site "Chess.com"]
[Date "2020.06.02"]
[Round "3"]
[White "FMOlexandrProhorov"]
[Black "Fortitudine"]
[Result "0-1"]
[WhiteElo "2069"]
[BlackElo "2316"]
[TimeControl "180+1"]
[EndTime "10:28:49 PDT"]
[Termination "Fortitudine won on time"]

1. Nf3 Nf6 2. c4 c5 3. Nc3 Nc6 4. d4 cxd4 5. Nxd4 g6 6. e4 d6 7.
f3 Bg7 8. Be3 O-O 9. Qd2 Bd7 10.
Be2 Nxd4 11. Bxd4 Bc6 12. O-O a5 13. b3 Nd7 14. Kh1 Bxd4 15. Qxd4 Qb6 16. Qd2 Kg7 17. f4 Nc5 18. Bd3 a4 19. Rab1 axb3 20. axb3 Qb4 21.
Qb2 Kg8 22. f5 Nxd3 23. Qc2 Ne5 24. Ne2 Qc5 25. Rf4 Qe3 26. Rbf1 Ra3 27. Qd1 Bxe4 28. fxg6 hxg6 29. Ng3 Bc6 30. Rh4 Nd3 31. Qg4 Nf2+ 32.
Rxf2 Qxf2 33. Ne4 Ra1+ 0-1

[Event "*** SCC Grand Prix: Titled Tuesday Blitz"]
[Site "Chess.com"]
[Date "2020.06.02"]
[Round "3"]
[White "BJthechessgod"]
[Black "GMJustin"]
[Result "1-0"]
[WhiteElo "2063"]
[BlackElo "2285"]
[TimeControl "180+1"]
[EndTime "10:28:49 PDT"]
[Termination "BJthechessgod won on time"]

1. e4 c5 2. Nf3 d6 3. d4 cxd4 4. Nxd4 Nf6 5. Nc3 a6 6. Bc4 e6 7. Bb3 b5 8. O-O Be7 9. f4 Bb7 10. Bxe6 fxe6 11. Nxe6 Qb6+ 12. Kh1 Kf7 13. Ng5+ Kg8 14.
e5 Qc6 15. Rf2 Nd5 16. Qg4 dxe5 17. fxe5 Bxg5 18. Bxg5 Nd7 19. e6 Ne5 20. Qd4 h6 21.
Qxe5 hxg5 22. Rf7 Nf6 23. Rg1 Re8 24. Qxg5 Rh7 25. Rxf6 Rxe6 26. Rxe6 Qxe6 27. Qd8+ Kf7 28. Rf1+ Kg6 29. Qd3+ Kh6 30. Qd2+ g5 31. Qd3 Rf7 32. Rxf7 Qxf7 33. Qh3+ 1-0

[Event "*** SCC Grand Prix: Titled Tuesday Blitz"]
[Site "Chess.com"]
[Date "2020.06.02"]
[Round "3"]
[White "Goryachkina"]
[Black "Igrok3069"]
[Result "1/2-1/2"]
[WhiteElo "2611"]
[BlackElo "2767"]
[TimeControl "180+1"]
[EndTime "10:28:50 PDT"]
[Termination "Game drawn by repetition"]

1. d4 d5 2. c4 c6 3. Nf3 Nf6 4. Nc3 e6 5. e3 Nbd7 6. Qc2 Bd6 7.
b3 O-O 8. Be2 e5 9. cxd5 cxd5 10.
Nb5 Bb4+ 11. Bd2 Bxd2+ 12. Nxd2 e4 13. O-O a6 14. Nc3 Re8 15. Rac1 Nf8 16. Na4 b5 17. Nc5 Ng6 18. a4 b4 19. Rfe1 h5 20. Bf1 Qd6 21.
h3 Nh7 22. f4 exf3 23. Nxf3 Nf6 24. Bd3 Qg3 25. Qf2 Qxf2+ 26. Kxf2 Ne7 27. Ne5 a5 28. Bb5 Rd8 29. Ke2 Rb8 30. Kd2 Rb6 31. Rg1 h4 32. Rgf1 g6 33. Rf4 g5 34. Rff1 Kg7 35.
Bd3 Rf8 36. Rf2 Rd6 37. Rcf1 Neg8 38. Bc2 Nh6 39. Bd3 Re8 40. Bc2 Rf8 41. Bd3 Re8 42. Bc2 Rf8 1/2-1/2

[Event "*** SCC Grand Prix: Titled Tuesday Blitz"]
[Site "Chess.com"]
[Date "2020.06.02"]
[Round "3"]
[White "Training_Day"]
[Black "bugsbunny444"]
[Result "0-1"]
[WhiteElo "2329"]
[BlackElo "2527"]
[TimeControl "180+1"]
[EndTime "10:28:50 PDT"]
[Termination "bugsbunny444 won on time"]

1. e4 c5 2. c3 e6 3. d4 d5 4. e5 Nc6 5. Nf3 Qb6 6. a3 f6 7.
Bd3 fxe5 8. dxe5 Nh6 9. c4 d4 10. O-O Nf7 11. Qe2 g6 12. Bf4 Bg7 13. Re1 O-O 14.
h4 Bd7 15. Nbd2 Rae8 16. Rab1 a5 17. g3 a4 18. b3 axb3 19. Rxb3 Qc7 20. Ne4 Ncxe5 21.
Nxe5 Nxe5 22. Ng5 Rxf4 23. gxf4 Nxd3 24. Qxd3 Qxf4 25. Rxb7 Bc6 26. Rxg7+ Kxg7 27. Nxe6+ Rxe6 28. Rxe6 Qg4+ 29. Qg3 Qxe6 30. Qc7+ Kg8 31. Qd8+ Kf7 32. Qc7+ Ke8 0-1

[Event "*** SCC Grand Prix: Titled Tuesday Blitz"]
[Site "Chess.com"]
[Date "2020.06.02"]
[Round "3"]
[White "rubhani"]
[Black "ahappypawn"]
[Result "1-0"]
[WhiteElo "2568"]
[BlackElo "2366"]
[TimeControl "180+1"]
[EndTime "10:28:51 PDT"]
[Termination "rubhani won on time"]

1. e4 g6 2. d4 Bg7 3. Nc3 d6 4. Nf3 Nf6 5. Be3 O-O 6. Qd2 a6 7. Bh6 b5 8. Bxg7 Kxg7 9. a3 Bb7 10. Bd3 Nbd7 11. O-O-O e5 12. h4 h5 13. d5 Nc5 14.
Ng5 c6 15. dxc6 Bxc6 16. f3 Qb6 17. Be2 Rad8 18. Nd5 Bxd5 19. exd5 a5 20. g4 b4 21. Qe3 Rb8 22. Rhf1 Rfc8 23. f4 e4 24. gxh5 Nd3+ 25. Rxd3 exd3 26. Qxd3 bxa3 27. Qxa3 Nxd5 28. h6+ Kxh6 29.
Nxf7+ Kg7 30. Nxd6 Rc6 31. Ne4 Ne3 32. Bd3 1-0

[Event "*** SCC Grand Prix: Titled Tuesday Blitz"]
[Site "Chess.com"]
[Date "2020.06.02"]
[Round "3"]
[White "Oligan22"]
[Black "Pavel_Mir"]
[Result "0-1"]
[WhiteElo "2420"]
[BlackElo "2268"]
[TimeControl "180+1"]
[EndTime "10:28:51 PDT"]
[Termination "Pavel_Mir won by checkmate"]

1. e4 e5 2. Nf3 Nc6 3. Nc3 Nf6 4. Be2 d5 5. exd5 Nxd5 6. O-O Nxc3 7. bxc3 Be7 8. d3 O-O 9. Re1 Bf6 10. Nd2 g6 11. Rb1 b6 12. Bf3 Bb7 13. Nc4 Re8 14. a4 e4 15.
Rxe4 Bxc3 16. Rb3 Bg7 17. h3 Rb8 18. Rxe8+ Qxe8 19. Bf4 Nd4 20. Bxb7 Rxb7 21. Bg3 Nxb3 22. cxb3 Qe6 23. Qf3 c6 24. a5 bxa5 25. Nxa5 Rb5 26. Nxc6 Rxb3 27. Nxa7 h5 28. Nc6 Kh7 29. Qe4 Rc3 30.
Ne5 Rc1+ 31. Kh2 Rd1 32. d4 Qa2 33. Qf3 Qb1 34. Bf4 Rh1+ 35. Kg3 Qf5 36. h4 Bf6 37. Nxf7 Bxh4# 0-1

[Event "*** SCC Grand Prix: Titled Tuesday Blitz"]
[Site "Chess.com"]
[Date "2020.06.02"]
[Round "3"]
[White "manitodeplomo"]
[Black "Dr-Bassem"]
[Result "0-1"]
[WhiteElo "2604"]
[BlackElo "2796"]
[TimeControl "180+1"]
[EndTime "10:28:52 PDT"]
[Termination "Dr-Bassem won on time"]

1. c4 f5 2. g3 Nf6 3. Bg2 d6 4. Nf3 e6 5. O-O Be7 6. d4 O-O 7. b4 Qe8 8. a4 Nc6 9. b5 Nd8 10. Nc3 Qh5 11. e3 Nf7 12. Ba3 g5 13. Rc1 g4 14. Nd2 Ng5 15. f4 gxf3 16. Nxf3 Ng4 17. Qe2 Ne4 18. Nxe4 fxe4 19. Nh4 Bd7 20. Bxe4 Bg5 21.
Rf4 Bxf4 22. exf4 Rxf4 23. gxf4 Qxh4 24. Rf1 Nf6 25. Bxb7 Rf8 26. Kh1 Kf7 27. c5 d5 28.
c6 Ne4 29. Rf3 Rg8 30. cxd7 Qg4 31. Qf1 Nd2 0-1

[Event "*** SCC Grand Prix: Titled Tuesday Blitz"]
[Site "Chess.com"]
[Date "2020.06.02"]
[Round "3"]
[White "theredking89"]
[Black "woodhy"]
[Result "0-1"]
[WhiteElo "2624"]
[BlackElo "2455"]
[TimeControl "180+1"]
[EndTime "10:28:52 PDT"]
[Termination "woodhy won by resignation"]

1. Nf3 b6 2. g3 Bb7 3. Bg2 e6 4. c4 Nf6 5. b3 d5 6. Bb2 Be7 7.
O-O dxc4 8. bxc4 c5 9. Nc3 O-O 10. e3 Nc6 11. Qe2 Qc7 12. Rad1 Rad8 13. d3 a6 14. a4 Nb4 15. Ne1 Bxg2 16. Kxg2 Rd7 17. f4 Rfd8 18. g4 Qc6+ 19. e4 Ne8 20. g5 Nc7 21.
Rf3 b5 22. cxb5 axb5 23. Rh3 g6 24. Qg4 f5 25. gxf6 Bxf6 26. Ba1 bxa4 27. Kh1 c4 28. f5 exf5 29. Qg2 Nxd3 30. Nd5 Nxd5 31. exd5 Rxd5 32. Nxd3 Bxa1 33. Ne1 c3 34. Rxd5 Qxd5 35. Rd3 Qxg2+ 36. Kxg2 Rxd3 37. Nxd3 c2 0-1

[Event "*** SCC Grand Prix: Titled Tuesday Blitz"]
[Site "Chess.com"]
[Date "2020.06.02"]
[Round "3"]
[White "AbdulovOrkhan"]
[Black "Witik"]
[Result "1-0"]
[WhiteElo "2400"]
[BlackElo "2571"]
[TimeControl "180+1"]
[EndTime "10:28:52 PDT"]
[Termination "AbdulovOrkhan won on time"]

1. e4 c6 2. d4 d5 3. Nc3 dxe4 4. Nxe4 Nf6 5. Nxf6+ exf6 6. c3 Bd6 7. Bd3 O-O 8. Qc2 Re8+ 9. Ne2 h5 10. Be3 Nd7 11. O-O-O Nf8 12. h4 Be6 13. c4 b5 14. c5 Bc7 15.
Kb1 a5 16. Nf4 Bxf4 17. Bxf4 Qd5 18. b3 a4 19. b4 a3 20. Be4 Qxa2+ 21. Qxa2 Bxa2+ 22. Kxa2 Rxe4 23. Bc1 Ne6 24. d5 cxd5 25. Rxd5 Rxb4 26.
Be3 Rb2+ 27. Ka1 Rc2 28. c6 b4 29. Rc1 Rxc1+ 30. Bxc1 b3 31. Be3 Rb8 32. Rd1 Kf8 33. Bc5+ Ke8 34. Bxa3 Rc8 35. Rc1 Nd4 36. Re1+ Ne6 37. Rc1 Nd4 38. Re1+ Kd8 39. Rd1 Rxc6 40. Rxd4+ Kc8 41. Rd2 Rc4 42. g3 f5 43. Kb2 f4 44.
Kxb3 Re4 45. Kc3 fxg3 46. fxg3 Rg4 47. Bd6 Kd7 48. Bf4+ Ke6 49. Re2+ Kd7 50. Re5 g6 51. Kd3 f6 52. Ra5 Ke6 53. Ke3 1-0

[Event "*** SCC Grand Prix: Titled Tuesday Blitz"]
[Site "Chess.com"]
[Date "2020.06.02"]
[Round "3"]
[White "DraG0s3L"]
[Black "Gabrielian_Artur"]
[Result "0-1"]
[WhiteElo "2513"]
[BlackElo "2739"]
[TimeControl "180+1"]
[EndTime "10:28:53 PDT"]
[Termination "Gabrielian_Artur won by resignation"]

1. Nf3 Nf6 2. b3 g6 3. Bb2 Bg7 4. e3 O-O 5. d4 d6 6. Be2 Nbd7 7. O-O Re8 8. c4 e5 9. dxe5 Ng4 10. Nc3 dxe5 11.
h3 Nh6 12. Qc2 f5 13. Rad1 c6 14. Ba3 e4 15. Nd4 Nf7 16. Na4 Qc7 17. c5 Nde5 18.
b4 Qe7 19. b5 Qh4 20. Nb2 Ng5 21. Nc4 Nef3+ 22. Bxf3 exf3 23. Nxf3 Nxf3+ 24. gxf3 Qxh3 25. Nd6 Be6 26. Nxe8 Rxe8 27. Qe2 Bd5 28. Rxd5 cxd5 29. f4 d4 30. Bc1 dxe3 31. Bxe3 Bf6 32. Rd1 Kg7 33. Qf1 Qg4+ 34. Qg2 Qxd1+ 35. Kh2 0-1

[Event "*** SCC Grand Prix: Titled Tuesday Blitz"]
[Site "Chess.com"]
[Date "2020.06.02"]
[Round "3"]
[White "GM_Buhmann"]
[Black "googlegoom"]
[Result "1-0"]
[WhiteElo "2833"]
[BlackElo "2442"]
[TimeControl "180+1"]
[EndTime "10:28:53 PDT"]
[Termination "GM_Buhmann won on time"]

1. e4 c5 2. Nf3 Nc6 3. d4 cxd4 4. Nxd4 Qb6 5. Nb3 Nf6 6. Bd3 e6 7. O-O d5 8. exd5 Nxd5 9. c4 Nf6 10. Nc3 a6 11. Ne4 Be7 12. Be3 Qc7 13. Rc1 O-O 14.
Qe2 Rd8 15. Rfd1 Bd7 16. Bb1 Be8 17. h3 Rxd1+ 18. Rxd1 Rd8 19. Rxd8 Qxd8 20. Qd2 Nxe4 21. Bxe4 Qxd2 22. Nxd2 f5 23. Bf3 Bf6 24. b3 e5 25.
Bd5+ Bf7 26. Bxf7+ Kxf7 27. a3 e4 28. b4 b5 29. f3 exf3 30. gxf3 Bb2 31. cxb5 axb5 32. Nb1 Ke6 33. Kf2 Kd5 34. Kg3 Kc4 35. Kf4 g6 36.
Kg5 Kb3 37. Kh6 Bxa3 38. Nxa3 Kxa3 39. Kxh7 Ne5 40. f4 Nc4 41. Bc5 Ne3 42. Kxg6 Kb3 43. h4 Ng2 44. Kg5 1-0

[Event "*** SCC Grand Prix: Titled Tuesday Blitz"]
[Site "Chess.com"]
[Date "2020.06.02"]
[Round "3"]
[White "Makswolf200817"]
[Black "verdest"]
[Result "0-1"]
[WhiteElo "2379"]
[BlackElo "2585"]
[TimeControl "180+1"]
[EndTime "10:28:53 PDT"]
[Termination "verdest won by resignation"]

1. Nf3 Nf6 2. c4 e6 3. Nc3 d5 4. e3 Be7 5. b3 O-O 6. Bb2 b6 7. cxd5 exd5 8. d4 Bb7 9. Bd3 Nbd7 10. O-O Ne4 11. Ne5 Nxe5 12. dxe5 Bb4 13. Ne2 Qg5 14. Nf4 Rad8 15. a3 Be7 16. b4 d4 17.
f3 Nc3 18. Qc2 Qxe5 19. Bxh7+ Kh8 20. exd4 Qxf4 21. Bxc3 g6 22. Bxg6 fxg6 23. Qxg6 Bf6 24. Qh5+ Kg7 25. Kh1 Rh8 26. Qg4+ Qxg4 27. fxg4 Rhe8 28.
Rad1 Re2 29. Rg1 Kg6 30. h3 Rf8 31. Kh2 Bg5 32. d5 Rd8 33. Be5 Rxe5 0-1

[Event "*** SCC Grand Prix: Titled Tuesday Blitz"]
[Site "Chess.com"]
[Date "2020.06.02"]
[Round "3"]
[White "Borsuk_Konstantin"]
[Black "WelshTiger"]
[Result "1-0"]
[WhiteElo "2563"]
[BlackElo "2361"]
[TimeControl "180+1"]
[EndTime "10:28:53 PDT"]
[Termination "Borsuk_Konstantin won by resignation"]

1. d4 Nf6 2. c4 c5 3. d5 e6 4.
Nc3 exd5 5. cxd5 d6 6. Nf3 g6 7. g3 Bg7 8. Bg2 O-O 9. O-O Re8 10. Nd2 a6 11. a4 Nbd7 12. Nc4 Nb6 13. Na3 Bd7 14. Bf4 Nc8 15. Nc4 Bf8 16. e4 Rb8 17. a5 Bb5 18. b3 Bg7 19. Qc2 Bxc4 20. bxc4 Nd7 21. Bd2 Qf6 22. Rab1 Ne5 23. Na4 Nf3+ 24. Kh1 Nxd2 25. Qxd2 Qd4 26. Qc2 Bf6 27. f4 Bd8 28. e5 Bxa5 29. Rbd1 Qe3 30. Rd3 Qxd3 31. Qxd3 b5 32. Nb2 dxe5 33. d6 Rd8 34. fxe5 Nb6 35. Bd5 Rd7 36. Qf3 Nxd5 37. Qxd5 Re8 38. Nd3 bxc4 39.
Nxc5 1-0

[Event "*** SCC Grand Prix: Titled Tuesday Blitz"]
[Site "Chess.com"]
[Date "2020.06.02"]
[Round "3"]
[White "Chess2019Player"]
[Black "shineatchess"]
[Result "0-1"]
[WhiteElo "2189"]
[BlackElo "2520"]
[TimeControl "180+1"]
[EndTime "10:28:53 PDT"]
[Termination "shineatchess won on time"]

1. e4 e5 2. Nf3 Nc6 3. Bb5 a6 4. Ba4 Nf6 5. O-O Be7 6. Re1 b5 7. Bb3 d6 8. c3 O-O 9. h3 Nb8 10. d4 Nbd7 11. Nbd2 Bb7 12. Bc2 Re8 13. Nf1 Bf8 14.
Ng3 g6 15. h4 h5 16. Bg5 Bg7 17. a4 Qb8 18. Qd2 Ng4 19. dxe5 Ndxe5 20. Nxe5 dxe5 21. Bb3 c5 22. f3 Nf6 23. Red1 c4 24. Bc2 Qc7 25.
Nf1 Rad8 26. Qf2 Qc6 27. axb5 axb5 28. Ne3 Qb6 29. Bxf6 Bxf6 30. Kf1 Bg7 0-1

[Event "*** SCC Grand Prix: Titled Tuesday Blitz"]
[Site "Chess.com"]
[Date "2020.06.02"]
[Round "3"]
[White "konradrutkowski"]
[Black "timedothwasteme"]
[Result "1-0"]
[WhiteElo "2338"]
[BlackElo "2139"]
[TimeControl "180+1"]
[EndTime "10:28:53 PDT"]
[Termination "konradrutkowski won on time"]

1. e4 c5 2. Nf3 Nc6 3. Bb5 g6 4. O-O Bg7 5. Re1 Nf6 6. Nc3 O-O 7. e5 Ng4 8. Bxc6 dxc6 9. d3 Nh6 10. h3 Nf5 11.
Ne4 b6 12. Bf4 Nd4 13. c3 Ne6 14. Bh2 Ba6 15. d4 cxd4 16. cxd4 Qd7 17. Rc1 Rfd8 18. Qa4 Bb5 19. Qa3 Re8 20. Rcd1 h6 21. b3 a5 22. Qc1 Nc7 23. Nc3 Nd5 24. Nxb5 cxb5 25. Qd2 b4 26. Rc1 Rac8 27. e6 fxe6 28. Be5 Nf6 29.
Qd3 g5 30. Bh2 Rxc1 31. Rxc1 Rc8 32. Re1 Rc3 33. Qg6 Rxf3 34. gxf3 Qxd4 35. Rxe6 Qd7 36. Rxb6 Kh8 37. Rb8+ Ng8 38. Be5 1-0

[Event "*** SCC Grand Prix: Titled Tuesday Blitz"]
[Site "Chess.com"]
[Date "2020.06.02"]
[Round "3"]
[White "JakubPulpan"]
[Black "chess94cu"]
[Result "1-0"]
[WhiteElo "2726"]
[BlackElo "2457"]
[TimeControl "180+1"]
[EndTime "10:28:54 PDT"]
[Termination "JakubPulpan won by resignation"]

1. e4 e5 2. Nf3 Nc6 3. Bb5 a6 4. Ba4 Nf6 5. O-O Be7 6. d3 b5 7. Bb3 d6 8. a3 Na5 9. Ba2 c5 10. Nc3 Be6 11. Bg5 Nc6 12. Bxf6 Bxf6 13. Nd5 Rc8 14. c3 O-O 15. h3 Bg5 16. a4 Bh6 17.
axb5 axb5 18. Ne3 g6 19. Bd5 Bxd5 20. Nxd5 Bg7 21. Qb3 Rb8 22. Ra6 Ne7 23. Rfa1 Nxd5 24. Qxd5 Rb6 25. Ra8 Qf6 26. R1a6 Rxa6 27. Rxa6 Rd8 28.
Rb6 b4 29. cxb4 cxb4 30. Rxb4 Qf4 31. Rc4 h5 32. b4 g5 33. Nh2 Re8 34. b5 Re6 35. Rc8+ Kh7 36. Rc2 g4 37. hxg4 hxg4 38. g3 Qg5 39. Rc6 Bf8 40. Rc7 Kg7 41. Qxe6 1-0

[Event "*** SCC Grand Prix: Titled Tuesday Blitz"]
[Site "Chess.com"]
[Date "2020.06.02"]
[Round "3"]
[White "2nd_life"]
[Black "Spartakus1975"]
[Result "0-1"]
[WhiteElo "2421"]
[BlackElo "2701"]
[TimeControl "180+1"]
[EndTime "10:28:54 PDT"]
[Termination "Spartakus1975 won by resignation"]

1. e4 e6 2. Nf3 d5 3. e5 Bd7 4. d4 c5 5. c3 Nc6 6. Be2 Qb6 7. O-O Nh6 8. Bxh6 gxh6 9. Na3 cxd4 10.
cxd4 Bg7 11. Qd2 O-O 12. Nb5 Nxe5 13. Nxe5 Bxb5 14. Bxb5 Qxb5 15. Rae1 Rac8 16. Re3 Kh8 17. Rg3 f6 18. Nd3 e5 19. Re1 Qc4 20. dxe5 fxe5 21.
Nxe5 Qc2 22. Qxc2 Rxc2 23. Nd3 Bxb2 24. Nxb2 Rxb2 25. f3 d4 26. Re7 Rg8 27. Kf1 Rxg3 28. hxg3 d3 29. Rd7 Rxa2 30. Rxd3 Rb2 31. Rd7 a5 32. f4 a4 33. Rd3 b5 34. Kg1 b4 35.
Rd7 a3 0-1

[Event "*** SCC Grand Prix: Titled Tuesday Blitz"]
[Site "Chess.com"]
[Date "2020.06.02"]
[Round "3"]
[White "Vandros57"]
[Black "MashaFromRussia"]
[Result "0-1"]
[WhiteElo "2239"]
[BlackElo "2409"]
[TimeControl "180+1"]
[EndTime "10:28:54 PDT"]
[Termination "MashaFromRussia won by checkmate"]

1. d4 Nf6 2. Nf3 g6 3. c4 Bg7 4. Nc3 O-O 5. e4 d6 6. Be2 e5 7. dxe5 dxe5 8. Qxd8 Rxd8 9. Nxe5 Re8 10. f4 Nbd7 11.
Nxd7 Nxd7 12. e5 c6 13. O-O f6 14. exf6 Bxf6 15. Bf3 Nb6 16. c5 Nc4 17. Ne4 Bd4+ 18. Kh1 Bf5 19. Nd6 Nxd6 20. cxd6 Rad8 21. g4 Bc2 22. f5 Rxd6 23. Bf4 Rdd8 24. Rac1 Bd3 25.
Rfd1 Bxb2 26. Rc5 Be4 27. Rf1 Bxf3+ 28. Rxf3 Re1+ 29. Kg2 Re2+ 30. Kg3 Bd4 31. Ra5 gxf5 32. gxf5 Kf7 33. Bg5 Rg8 34. Kf4 Bb6 35. Ra4 Bc7+ 36. Kg4 h6 37. h4 hxg5 38. hxg5 Rg2+ 39. Kh3 R8xg5 40. Rh4 Rh2# 0-1

[Event "*** SCC Grand Prix: Titled Tuesday Blitz"]
[Site "Chess.com"]
[Date "2020.06.02"]
[Round "3"]
[White "LyonBeast"]
[Black "kleinebeer98"]
[Result "1-0"]
[WhiteElo "2940"]
[BlackElo "2670"]
[TimeControl "180+1"]
[EndTime "10:28:55 PDT"]
[Termination "LyonBeast won by resignation"]

1. c4 e5 2. g3 Nf6 3. Bg2 Nc6 4. Nc3 Bc5 5. e3 O-O 6. a3 a6 7. Nge2 Re8 8. b4 Ba7 9. Bb2 d6 10. O-O Bg4 11. h3 Be6 12. Nd5 Bxd5 13. cxd5 Ne7 14. Qb3 Qd7 15. Kh2 h5 16. f4 Nf5 17. Qc2 Nh6 18.
Rac1 Rac8 19. Nc3 h4 20. Ne2 exf4 21. Rxf4 hxg3+ 22. Nxg3 Nh7 23. Rg1 Ng5 24. Nh5 Re5 25. Bxe5 dxe5 26. Rff1 e4 27. Qc3 f6 28. Rxf6 c6 29. Rxh6 Bb8+ 30. d6 Bxd6+ 31. Rxd6 Qxd6+ 32. Kh1 Qh6 33. Nf4 Rf8 34. Qe5 Qh4 35. Rf1 Qg3 36.
Qe7 Nf3 37. Bxf3 Rxf4 38. Qe6+ Kh8 39. exf4 exf3 40. Qg4 1-0

[Event "*** SCC Grand Prix: Titled Tuesday Blitz"]
[Site "Chess.com"]
[Date "2020.06.02"]
[Round "3"]
[White "ChessWarrior7197"]
[Black "Slovak_fighter2000"]
[Result "1-0"]
[WhiteElo "2908"]
[BlackElo "2450"]
[TimeControl "180+1"]
[EndTime "10:28:55 PDT"]
[Termination "ChessWarrior7197 won by checkmate"]

1. e4 e6 2. d4 d5 3. Nc3 Nf6 4. e5 Nfd7 5. Nce2 c5 6. c3 Nc6 7. f4 Be7 8. Nf3 O-O 9. h4 b5 10. h5 f6 11. g3 fxe5 12. dxe5 b4 13. Bh3 Nb6 14. O-O a5 15. Kh2 Qe8 16. Bg4 a4 17. cxb4 Nxb4 18. Rf2 Bd8 19. Be3 Be7 20. Bd2 Nd3 21.
Rf1 Nxb2 22. Qc2 a3 23. Ng5 Bxg5 24. fxg5 Rxf1 25. Rxf1 N6c4 26. Bf4 Qa4 27. Qc3 Bd7 28. g6 h6 29. Bxh6 gxh6 30. Rf7 d4 31. Qf3 Nxe5 32.
Qf4 Nxg4+ 33. Qxg4 Rf8 34. Qf4 Qa8 35. Qf6 Rxf7 36.
Qxf7+ Kh8 37. g7+ Kh7 38. g8=Q# 1-0

[Event "*** SCC Grand Prix: Titled Tuesday Blitz"]
[Site "Chess.com"]
[Date "2020.06.02"]
[Round "3"]
[White "Zq1"]
[Black "Enriquack"]
[Result "1-0"]
[WhiteElo "2536"]
[BlackElo "2346"]
[TimeControl "180+1"]
[EndTime "10:28:55 PDT"]
[Termination "Zq1 won by resignation"]

1. d4 Nf6 2. c4 g6 3. Nc3 d5 4.
Nf3 Bg7 5. cxd5 Nxd5 6. Bd2 Nb6 7. Bg5 h6 8. Bf4 c5 9. dxc5 Qxd1+ 10. Rxd1 Bxc3+ 11. bxc3 Na4 12. e3 Nxc5 13. Bb5+ Nbd7 14. O-O a6 15. Bc4 b5 16. Bd5 Bb7 17. Bxb7 Nxb7 18. c4 bxc4 19. Rc1 Rc8 20. Rc2 f6 21. e4 Kf7 22.
Rfc1 Na5 23. Bd2 Nc6 24. Rxc4 Na7 25. Rc7 Ne5 26. Nxe5+ fxe5 27. Rxa7 Rxc1+ 28. Bxc1 Rd8 29. Kf1 Rd1+ 30. Ke2 Rxc1 31. Rxa6 Ra1 32. h4 e6 33. Kf3 Kf6 34. Kg3 h5 35. f3 Kf7 36. Ra7+ Kf6 37. Kh3 Rh1+ 38. Kg3 Ra1 39. Kf2 Rh1 40. g3 Ra1 41. Kg2 Rb1 42. g4 g5 43.
gxh5 gxh4 44. h6 Kg6 45. h7 Rb8 46. Kh3 Rh8 47. a4 Kg5 48. a5 Kf4 49. Rf7+ Ke3 50.
a6 Kd4 51. a7 Kc5 52. Rg7 1-0

[Event "*** SCC Grand Prix: Titled Tuesday Blitz"]
[Site "Chess.com"]
[Date "2020.06.02"]
[Round "3"]
[White "chessplayer9919"]
[Black "Chuchofrio1"]
[Result "1-0"]
[WhiteElo "2497"]
[BlackElo "2265"]
[TimeControl "180+1"]
[EndTime "10:28:55 PDT"]
[Termination "chessplayer9919 won by resignation"]

1. d4 Nf6 2. c4 e6 3. Nf3 Bb4+ 4. Bd2 Qe7 5. Nc3 d5 6. e3 O-O 7. Qb3 c6 8. Bd3 Nbd7 9. O-O Bd6 10. e4 dxc4 11.
Bxc4 e5 12. dxe5 Nxe5 13. Be2 Be6 14. Qc2 Nfg4 15. g3 Nxf3+ 16. Bxf3 Ne5 17. Bg2 Rad8 18. Rfd1 Bc5 19. Na4 Bd4 20. Ba5 b6 21. Bc3 c5 22.
b3 Qf6 23. Bxd4 cxd4 24. f4 Ng4 25. e5 Qh6 26. Be4 Ne3 27. Qf2 Nxd1 28. Rxd1 d3 29. Nb2 d2 30. Rxd2 Rxd2 31. Qxd2 Qh5 32. Nc4 Bf5 33.
Bd5 h6 34. Nd6 Qg5 35. fxg5 hxg5 36. Nxf5 1-0

[Event "*** SCC Grand Prix: Titled Tuesday Blitz"]
[Site "Chess.com"]
[Date "2020.06.02"]
[Round "3"]
[White "starplatinum2030"]
[Black "Sanroto99"]
[Result "0-1"]
[WhiteElo "2085"]
[BlackElo "2322"]
[TimeControl "180+1"]
[EndTime "10:28:55 PDT"]
[Termination "Sanroto99 won on time"]

1. e4 e5 2. Nf3 Nc6 3. Bb5 Nf6 4. O-O Nxe4 5. d4 Nd6 6. Bxc6 dxc6 7. dxe5 Nf5 8.
Qxd8+ Kxd8 9. Bg5+ Ke8 10. Nbd2 h6 11. Bf4 Be7 12. e6 Bxe6 13. Bxc7 Kd7 14. Be5 f6 15. Bc3 Rad8 16. Ne4 Kc7 17. Rfe1 Rhe8 18. a4 Bd5 19. Ba5+ b6 20. Bc3 Nd6 21. Nxd6 Bxd6 22. Nh4 Be4 23. a5 b5 24. a6 Bc5 25. Rad1 b4 26. Rxd8 Rxd8 27. Rxe4 bxc3 28. Re1 cxb2 29. Nf3 g5 30. h3 h5 31. g4 hxg4 32. hxg4 f5 33. Rb1 Ba3 34. Nxg5 Rd2 35. Ne6+ Kb6 36. gxf5 Rxc2 37.
f6 Rc1+ 38. Kg2 Rxb1 39. f7 Re1 40. f8=Q Bxf8 0-1

[Event "*** SCC Grand Prix: Titled Tuesday Blitz"]
[Site "Chess.com"]
[Date "2020.06.02"]
[Round "3"]
[White "Shtembuliak"]
[Black "stanyga"]
[Result "1-0"]
[WhiteElo "2883"]
[BlackElo "2643"]
[TimeControl "180+1"]
[EndTime "10:28:56 PDT"]
[Termination "Shtembuliak won by resignation"]

1. c4 e5 2. Nc3 Nf6 3. Nf3 Nc6 4. e3 Bb4 5. Qc2 Bxc3 6. bxc3 e4 7. Ng5 Qe7 8. f3 exf3 9. Nxf3 d6 10. Be2 Ne5 11. Nd4 Be6 12. O-O O-O 13. Nf5 Qd7 14. e4 Bxc4 15. Bxc4 Nxc4 16. d3 Ne5 17. Bg5 Nh5 18. d4 Nc6 19. Qe2 f6 20. Bh6 Qe8 21. g4 gxh6 22.
gxh5 Kh8 23. Kh1 d5 24. Rf4 Qf7 25. Nxh6 Qg7 26. Nf5 Qg5 27. Rg4 Qxh5 28. Rg8+ Rxg8 29.
Qxh5 dxe4 30. Qf7 Raf8 31. Qxc7 Rg5 32. Qf4 Re8 33. Rg1 Rxf5 34. Qxf5 1-0